 Dungeon Crawl Stone Soup version 0.17.1-2-g5865329 (webtiles) character file.

4127 xeno23 the Carver (level 10, -10/66 HPs)
             Began as a High Elf Skald on Jan 30, 2016.
             Was a Believer of the Shining One.
             Mangled by Uhlv's ghost (15 damage)
             ... on level 9 of the Dungeon.
             The game lasted 00:45:20 (8003 turns).

xeno23 the Carver (High Elf Skald)                  Turns: 8003, Time: 00:45:50

Health: -10/66     AC: 11    Str: 14    XL:     10   Next: 6%
Magic:  12/17      EV: 15    Int: 16    God:    the Shining One [**....]
Gold:   485        SH:  0    Dex: 16    Spells: 4 memorised, 8 levels left

rFire  . . .     SeeInvis .     N - +0 glaive (flame)
rCold  . . .     Clarity  .     p - +0 ring mail
rNeg   + . .     SustAt   .     (shield currently unavailable)
rPois  .         Gourm    .     V - +0 helmet
rElec  .         Spirit   .     i - +0 cloak
rCorr  .         Warding  .     C - +1 pair of gloves
rMut   .         Stasis   .     J - +0 pair of boots
MR     +....                    k - amulet of rage
Stlth  +.........               B - +1 ring of evasion
                                e - ring of stealth

@: glowing, somewhat resistant to hostile enchantments, very unstealthy
A: no striking features
a: Divine Shield, Renounce Religion, Evoke Berserk Rage


You were on level 9 of the Dungeon.
You worshipped the Shining One.
The Shining One was pleased with you.
You were near starving.

You visited 2 branches of the dungeon, and saw 10 of its levels.
You also visited: Sewer.

You collected 485 gold pieces.

Inventory:

Hand Weapons
 N - a +0 glaive of flaming (weapon)
 Q - a +0 long sword
Missiles
 I - 6 javelins (quivered)
Armour
 i - a +0 cloak (worn)
 j - a +0 scale mail
 p - a +0 ring mail (worn)
 C - a +1 pair of gloves (worn)
 J - a +0 pair of boots (worn)
 V - a +0 helmet (worn)
Jewellery
 b - an uncursed ring of flight
 e - a ring of stealth (left hand)
 k - an amulet of rage (around neck)
 B - a +1 ring of evasion (right hand)
Wands
 q - a wand of fireball (4)
 s - a wand of slowing (17)
 v - a wand of confusion (47)
 y - a wand of slowing (15)
 M - a wand of teleportation (5)
 O - a wand of frost (17)
 W - a wand of disintegration (11)
Scrolls
 n - 2 scrolls of amnesia {unknown}
 r - 5 scrolls of recharging
 w - 3 scrolls of magic mapping {unknown}
 x - 6 scrolls of remove curse
 z - 4 scrolls of identify
 D - 3 scrolls of teleportation
 G - a scroll of enchant weapon {unknown}
 L - a scroll of immolation {unknown}
 P - 3 scrolls of enchant armour {unknown}
 R - a scroll of random uselessness {unknown}
 T - a scroll of summoning {unknown}
Potions
 f - 6 potions of curing
 g - a potion of beneficial mutation {unknown}
 l - 2 potions of agility {unknown}
 o - 2 potions of resistance {unknown}
 t - a potion of invisibility {unknown}
 u - a potion of brilliance {unknown}
 A - 4 potions of flight
 E - 2 potions of might
 F - 4 potions of heal wounds
 K - 4 potions of lignification {unknown}
 S - a potion of haste {unknown}
Books
 a - a book of Hinderance

   Spells                             Type                      Level
   a - Confusing Touch                Hexes                        2
   b - Confuse                        Hexes                        3
   c - Gell's Gravitas                Hexes/Translocation          3
   d - Petrify                        Transmutation/Earth          4
   e - Metabolic Englaciation         Hexes/Ice                    5
 c - a book of Battle

   Spells                             Type                      Level
   a - Infusion                       Charms                       1
   b - Shroud of Golubria             Charms/Translocation         2
   c - Song of Slaying                Charms                       2
   d - Spectral Weapon                Hexes/Charms                 3
   e - Regeneration                   Charms/Necromancy            3
 H - Sif Muna's Compendium of Boosts
   (You found it on level 5 of the Dungeon)

   Spells                             Type                      Level
   a - Infusion                       Charms                       1
Comestibles
 d - 9 bread rations
 h - 5 fruits
 m - 4 meat rations


   Skills:
 + Level 5.2 Fighting
 * Level 9.1 Long Blades
 + Level 4.0 Armour
 + Level 5.6 Dodging
 - Level 4.2 Spellcasting
 + Level 3.8 Hexes
 * Level 7.8 Charms
 + Level 3.7 Translocations
 + Level 3.8 Invocations


You had 8 spell levels left.
You knew the following spells:

 Your Spells              Type           Power        Failure   Level  Hunger
a - Infusion              Chrm           ####..       1%          1    None
d - Shroud of Golubria    Chrm/Tloc      ###.......   6%          2    ##.....
e - Regeneration          Chrm/Necr      ###.......   21%         3    ###....
s - Spectral Weapon       Hex/Chrm       ###.....     12%         3    ###....


Dungeon Overview and Level Annotations

Branches:
Dungeon (9/15)             Temple (1/1) D:6
   Lair: D:8-11         Orc: D:9-12

Altars:
Ashenzari
Cheibriados
Dithmenos
Elyvilon
Fedhas
Gozag
Kikubaaqudgha
Makhleb
Nemelex Xobeh
Okawaru
Qazlal
Ru
Sif Muna
Trog
Vehumet
Xom
Yredelemnul
Zin
The Shining One

Shops:
D:9 =

Annotations:
D:9 Uhlv's ghost, journeyman HOFi


Message History

Your shroud bends Uhlv's ghost's attack away.
Uhlv's ghost whispers, "The ORB doesn't exist."
Uhlv's ghost hits you!!
You take 22 damage.
You're too hungry to go berserk.
You're too hungry to go berserk.
You hit Uhlv's ghost but do no damage.
Uhlv's ghost is lightly damaged.
Your spectral weapon hits Uhlv's ghost!!
Your spectral weapon burns Uhlv's ghost.
Uhlv's ghost hits you!
Your shroud falls apart!
You take 9 damage.
You slash Uhlv's ghost! You burn Uhlv's ghost.
Uhlv's ghost is heavily damaged.
Your spectral weapon hits Uhlv's ghost but does no damage.
Uhlv's ghost hits you!!
* * * LOW HITPOINT WARNING * * *
Uhlv's ghost hits you!
You die...

.. ## #. ##. ### #.
#. #. #.. .. #. #.
#.###. #. #. #.##..
#.## #.##.##.. # ..#
#.∩......
#.##.#######.#..##..
#(W@...............#
#.###.##.###.##.##.#
# #.##.# #.##.##.#
#..#.###....##.#
##.#............
#...###.#.###.#
##......#......
#.####.#.###.# #..
#.#......


You could see Uhlv's ghost.

Vanquished Creatures
  Prince Ribbit (D:6)
  A spriggan (D:7)
  A deep elf mage (D:8)
  2 hungry ghosts
  A hippogriff (D:8)
  2 ice beasts
  A sky beast (D:7)
  3 centaurs
  2 ogres
  A black bear (D:9)
  3 big kobolds
  The ghost of xeno23 the Charmwright, an amateur HESk (D:3)
  3 giant frogs
  Blork the orc (D:6)
  A crocodile (D:9)
  5 scorpions
  7 wights (D:8)
  A giant frog skeleton (D:5)
  A giant frog zombie (D:5)
  A jelly (D:7)
  5 crimson imps
  4 orc priests
  A centaur skeleton (D:6)
  Terence (D:2)
  2 hounds
  3 iguanas
  4 orc wizards (D:5)
  12 worker ants
  2 worker ant zombies
  11 adders
  A river rat (D:3)
  2 shadow imps
  4 oozes
  2 adder skeletons
  An adder zombie (D:7)
  2 worms
  9 giant geckos
  21 orcs
  A ball python (Sewer)
  4 giant cockroaches
  11 hobgoblins
  6 quokkas
  7 bats
  4 giant newts
  7 goblins
  27 jackals
  24 kobolds
  15 rats
232 creatures vanquished.

Vanquished Creatures (others)
  A spectral weapon (D:6)
1 creature vanquished.

Grand Total: 233 creatures vanquished

Notes
Turn   | Place    | Note
--------------------------------------------------------------
     0 | D:1      | xeno23 the High Elf Skald began the quest for the Orb.
     0 | D:1      | Reached XP level 1. HP: 14/14 MP: 4/4
    36 | D:1      | Reached skill level 1 in Armour
   148 | D:1      | Reached XP level 2. HP: 10/19 MP: 0/6
   447 | D:1      | Reached XP level 3. HP: 13/24 MP: 1/7
   482 | D:1      | Learned a level 2 spell: Shroud of Golubria
   490 | D:1      | Learned a level 3 spell: Spectral Weapon
   865 | D:2      | Noticed Terence
  1353 | D:2      | Reached XP level 4. HP: 29/29 MP: 4/9
  1429 | D:2      | Reached skill level 4 in Charms
  1497 | D:2      | Killed Terence
  1685 | D:3      | Found a shadowy altar of Dithmenos.
  1685 | D:3      | Noticed xeno23's ghost (amateur HESk)
  1761 | D:3      | Killed xeno23's ghost
  1761 | D:3      | Reached XP level 5. HP: 32/35 MP: 1/10
  1862 | D:3      | Learned a level 3 spell: Regeneration
  1941 | D:3      | Found a glowing drain.
  1965 | Sewer    | Entered a sewer
  2167 | Sewer    | Reached XP level 6. HP: 35/41 MP: 1/12
  2244 | Sewer    | Reached skill level 5 in Long Blades
  2733 | D:4      | Found a stormy altar of Qazlal.
  2747 | D:4      | Reached skill level 1 in Hexes
  2948 | D:4      | Reached XP level 7. HP: 46/46 MP: 7/13
  3287 | D:5      | Entered Level 5 of the Dungeon
  3287 | D:5      | Found a glowing golden altar of the Shining One.
  3305 | D:5      | rip blowgun
  3305 | D:5      | Became a worshipper of the Shining One
  3523 | D:5      | Fell from the grace of the Shining One
  3619 | D:5      | Became a worshipper of the Shining One
  3875 | D:5      | Reached skill level 5 in Charms
  3888 | D:5      | Found a snail-covered altar of Cheibriados.
  4022 | D:5      | Reached skill level 6 in Long Blades
  4075 | D:5      | Found a deep blue altar of Sif Muna.
  4125 | D:5      | Identified Sif Muna's Compendium of Boosts (You found it on level 5 of the Dungeon)
  4256 | D:5      | Found a shattered altar of Ashenzari.
  4613 | D:6      | Reached XP level 8. HP: 14/53 MP: 4/15
  4615 | D:6      | Reached skill level 1 in Translocations
  4627 | D:6      | Noticed Prince Ribbit
  4640 | D:5      | Reached skill level 1 in Invocations
  4946 | D:6      | Killed Prince Ribbit
  5379 | D:6      | Reached skill level 7 in Long Blades
  5415 | D:6      | Noticed Blork the orc
  5427 | D:6      | Killed Blork the orc
  5508 | D:6      | Reached * piety under the Shining One
  5614 | D:6      | Found a staircase to the Ecumenical Temple.
  5624 | Temple   | Entered the Ecumenical Temple
  6079 | D:7      | Found a basalt altar of Yredelemnul.
  6218 | D:7      | Reached XP level 9. HP: 42/59 MP: 2/16
  6605 | D:7      | Reached skill level 5 in Dodging
  6848 | D:8      | Reached skill level 8 in Long Blades
  6915 | D:8      | Reached ** piety under the Shining One
  7397 | D:8      | Reached skill level 5 in Fighting
  7739 | D:9      | Found Cohohit's Jewellery Shop.
  7755 | D:9      | Reached skill level 9 in Long Blades
  7968 | D:9      | Reached XP level 10. HP: 66/66 MP: 11/17
  8000 | D:9      | Noticed Uhlv's ghost (journeyman HOFi)
  8003 | D:9      | Mangled by Uhlv's ghost

Action                   |  1- 3 |  4- 6 |  7- 9 | 10-12 || total
-------------------------+-------+-------+-------+-------++-------
Melee: Falchion          |   109 |   152 |   221 |       ||   482
       Short sword       |       |    57 |    15 |       ||    72
       Glaive            |       |       |   219 |     8 ||   227
 Cast: Infusion          |    13 |    13 |    21 |       ||    47
       Shroud of Golubri |     2 |     9 |    12 |     1 ||    24
       Spectral Weapon   |       |     1 |    17 |     1 ||    19
       Regeneration      |       |       |     3 |       ||     3
Invok: Renounce Religion |       |       |     1 |       ||     1
 Abil: Evoke Berserk Rag |     1 |     2 |     2 |       ||     5
       Evoke Flight      |       |       |     2 |       ||     2
  Use: Scroll            |       |     6 |     2 |       ||     8
       Potion            |       |       |     4 |       ||     4
 Stab: Sleeping          |     2 |     1 |     5 |       ||     8
  Eat: Bread ration      |     1 |       |       |       ||     1
       Chunk             |       |     6 |    23 |     1 ||    30
